 Dungeon Crawl Stone Soup version 0.29.1-1-gd02db6906a (webtiles) character file.

Game seed: 14392126615135986267

2080 raistware the Destroyer (level 9, -7/51 HPs)
             Began as an Octopode Conjurer on Sept 21, 2022.
             Was an Initiate of Vehumet.
             Shot with a bolt by an orc warrior (26 damage)
             ... on level 8 of the Dungeon.
             The game lasted 00:16:17 (7671 turns).

raistware the Destroyer (Octopode Conjurer)         Turns: 7671, Time: 00:16:18

Health: -7/51      AC:  1    Str:  7    XL:     9   Next: 26%
Magic:  26/30      EV: 13    Int: 24    God:    Vehumet [......]
Gold:   407        SH:  0    Dex: 10    Spells: 19/24 levels left

rFire   . . .      SeeInvis .   r - +5 whip "Imyidunu" {pain, rN+}
rCold   . . .      Faith    .   (no shield)
rNeg    + . .      Spirit   .   (helmet restricted)
rPois   +          Reflect  .   o - amulet of regeneration
rElec   .          Harm     .   i - ring of willpower
rCorr   .          Rampage  .   t - ring of magical power
Will    +....                   C - ring of poison resistance
Stlth   +++.......              (no ring)
HPRegen 0.97/turn               (no ring)
MPRegen 0.22/turn               (no ring)
                                (no ring)
                                (no ring)

@: no status effects
A: almost no armour, amphibious, 8 rings, camouflage 1, gelatinous body 1,
(nimble swimmer 1), tentacles
a: Renounce Religion


You were on level 8 of the Dungeon.
You worshipped Vehumet.
Vehumet was noncommittal.
You visited 2 branches of the dungeon, and saw 9 of its levels.

You collected 407 gold pieces.

Inventory:

Hand Weapons
 r - the +5 whip "Imyidunu" (weapon) {pain, rN+}
   (You found it on level 3 of the Dungeon)

   In the hands of one skilled in necromantic magic, it inflicts extra damage on
   living creatures.
   rN:        It protects you from negative energy.
 A - the +2 spear "Qeosiepp" {pain, Fragile rF+ Int+7}
   (You found it on level 6 of the Dungeon)

   In the hands of one skilled in necromantic magic, it inflicts extra damage on
   living creatures.
   Int:       It affects your intelligence (+7).
   rF:        It protects you from fire.
   Fragile:   It will be destroyed if unequipped.
Missiles
 D - 4 poisoned darts
Armour
 g - an orb of energy
Jewellery
 i - a ring of willpower (left tentacle)
 o - an amulet of regeneration (around mantle)
 t - a ring of magical power (right tentacle)
 y - an amulet of the acrobat
 C - a ring of poison resistance (on tentacle)
Wands
 s - a wand of digging (8)
Scrolls
 c - 3 scrolls of poison
 j - a scroll of amnesia
 k - a scroll of brand weapon
 l - 3 scrolls of vulnerability
 n - 3 scrolls of blinking
 p - 8 scrolls of teleportation
 x - 2 scrolls of silence
Potions
 a - 2 potions of magic
 e - 3 potions of brilliance
 f - 4 potions of heal wounds
 h - 2 potions of ambrosia
 m - a potion of cancellation {unknown}
 u - a potion of lignification {unknown}
 v - 3 potions of curing
 w - 2 potions of flight {unknown}
 z - 2 potions of mutation {unknown}
 B - a potion of might {unknown}


   Skills:
 - Level 2.0 Dodging
 - Level 3.0 Stealth
 + Level 8.4 Spellcasting
 + Level 8.5 Conjurations
 - Level 2.0 Translocations


You had 19 spell levels left.
You knew the following spells:

 Your Spells              Type           Power      Damage    Failure   Level
a - Magic Dart            Conj           100%       1d8       1%          1
b - Iskenderun's Mystic   Conj/Tloc      35%        2d8       7%          4

Your spell library contained the following spells:

 Spells                   Type           Power      Damage    Failure   Level
 Foxfire                  Conj/Fire      100%       2x1d9     1%          1
 Searing Ray              Conj           100%       2d8       1%          2
 Conjure Flame            Conj/Fire      30%        6-21      3%          3
 Dazzling Flash           Conj/Hex       60%        N/A       3%          3
 Slow                     Hex            40%        N/A       6%          1
 Flame Wave               Conj/Fire      30%        2d9       11%         4
 Fulminant Prism          Conj/Hex       15%        3d11      11%         4
 Portal Projectile        Hex/Tloc       28%        N/A       12%         3
 Confusing Touch          Hex            10%        N/A       19%         3
 Inner Flame              Hex/Fire       10%        N/A       19%         3
 Tukima's Dance           Hex            10%        N/A       19%         3
 Vampiric Draining        Necr           10%        2d6       19%         3
 Cause Fear               Hex            5%         N/A       52%         4
 Summon Ice Beast         Ice/Summ       10%        N/A       52%         4
 Blade Hands              Tmut           5%         N/A       86%         5
 Summon Mana Viper        Hex/Summ       10%        N/A       86%         5
 Dragon Form              Tmut           5%         N/A       100%        7
 Monstrous Menagerie      Summ           5%         N/A       100%        7
 Dragon's Call            Summ           5%         N/A       100%        9


Dungeon Overview and Level Annotations

Branches:
Dungeon (8/15)             Temple (1/1) D:7
   Lair: D:8-11

Altars:
Dithmenos
Elyvilon
Gozag
Kikubaaqudgha
Makhleb
Qazlal
Trog
Vehumet
Wu Jian
Xom
Yredelemnul
Zin

Portals:
Abyss: D:5

Annotations:
D:5 2 transporters, EtherCrawl's ghost, novice BaTm
D:8 Joseph


Innate Abilities, Weirdness & Mutations

You cannot wear most types of armour.
You are amphibious.
You can wear up to eight rings at the same time.
Your skin changes colour to match your surroundings (Stealth+).
Your rubbery body absorbs attacks. (AC +1, EV +1)
((You are camouflaged when in or above water. (Stealth+)))
You have tentacles for arms and can constrict up to eight enemies at once.


Message History

You hit the orc. Your grab misses the orc. You squeeze the orc.
You kill the orc!
Vehumet accepts your kill.
You hit the orc. Your grab misses the orc.
The orc is almost dead.
The orc barely misses you.
You hit the orc.
You kill the orc!
Vehumet accepts your kill. The orc barely misses you.
You hit the orc. You grab the orc. You squeeze the orc.
You kill the orc!
Vehumet accepts your kill.
The orc hits you from afar with a +0 trident!
An orc wizard comes into view. It is wielding a +1 dagger of freezing.
Items here: ))) [[ ††.
You barely miss the orc.
The orc wizard shouts!
Your grab misses the orc. You tentacle-slap the orc.
The orc is lightly wounded.
The orc warrior unwields a +0 mace.
The orc warrior wields a +0 arbalest.
The orc warrior shoots a bolt.
The bolt hits you!! The orc closely misses you. x2
An orc comes into view. It is wielding a +0 whip.
The orc shouts!
The orc barely misses you.
Casting: Iskenderun's Mystic Blast (dangerous; 7% risk of failure)
Confirm with . or Enter, or press ? or * to list all spells.
You erupt in a blast of force!
The mystic blast hits the orc!
You kill the orc!
Vehumet accepts your kill.
The mystic blast hits the orc warrior!
The orc warrior is moderately wounded.
The orc warrior is knocked back by the mystic blast.
The orc warrior shoots a bolt.
The bolt hits you! The orc wizard casts a spell at you.
The puff of flame misses you.
Unknown command.
The orc warrior shoots a bolt.
The bolt hits you!!
Ouch! That really hurt!
You die...

#...<#...# .#..
##..†...### ...
#.^....### ##.#
#......# #..#
...###.#######..#
#.. #..........#
#.# #..#######.#
#.. ..####..#
#.#####.....
........#
#.@.))......
#.....###
#####.....##
#.....# ...o.+
......#####
...#.+
#...........
...o.+
...........#
####o#
#.........## ...
#.........# #.
###########


You could see an orc warrior.

Vanquished Creatures
  A wyvern (D:7)
  Duvessa (D:7)
  An ice beast (D:6)
  An orc warrior (D:7)
  An ogre (D:7)
  A centaur (D:7)
  A phantom (D:4)
  2 bullfrogs
  5 necrophages
  4 scorpions
  Dowan (D:7)
  3 killer bees (D:8)
  3 orc priests
  4 hounds
  4 orc wizards
  An iguana (D:5)
  7 adders
  3 white imps
  3 dart slugs
  24 orcs
  11 endoplasms
  8 giant cockroaches
  10 goblins
  14 hobgoblins
  10 jackals
  8 kobolds
  3 quokkas
  7 ball pythons
  4 bats
  4 frilled lizards
  4 rats
154 creatures vanquished.

Notes
Turn   | Place    | Note
-------+----------+-------------------------------------------
     0 | D:1      | raistware the Octopode Conjurer began the quest for the
                  | Orb.
     0 | D:1      | Reached XP level 1. HP: 11/11 MP: 3/3
   132 | D:1      | Reached XP level 2. HP: 17/17 MP: 2/5
   674 | D:1      | Reached XP level 3. HP: 21/21 MP: 1/7
  1507 | D:2      | Found a faded altar of an unknown god.
  1794 | D:2      | Reached XP level 4. HP: 27/27 MP: 6/9
  1799 | D:2      | Learned a level 4 spell: Iskenderun's Mystic Blast
  2157 | D:2      | Reached skill level 1 in Translocations
  2560 | D:3      | Identified the +5 whip "Imyidunu" {pain, rN+}
  2807 | D:3      | Reached XP level 5. HP: 31/31 MP: 4/11
  2996 | D:3      | Found a glowing silver altar of Zin.
  3911 | D:4      | Noticed a phantom
  3919 | D:4      | Killed a phantom
  3920 | D:4      | Reached XP level 6. HP: 36/36 MP: 12/12
  4011 | D:4      | Reached skill level 5 in Conjurations
  4269 | D:4      | Found a white marble altar of Elyvilon.
  4536 | D:4      | Reached skill level 5 in Spellcasting
  4922 | D:5      | Entered Level 5 of the Dungeon
  4975 | D:5      | Found a transporter.
  4978 | D:5      | Noticed a small abomination
  5029 | D:5      | Noticed a small abomination
  5117 | D:5      | Noticed an ancient zyme
  5128 | D:5      | Found a one-way gate to the infinite horrors of the Abyss.
  5128 | D:5      | Noticed EtherCrawl's ghost (novice BaTm)
  5157 | D:5      | Found a transporter.
  5202 | D:5      | Reached XP level 7. HP: 41/41 MP: 14/14
  5873 | D:6      | Reached XP level 8. HP: 46/46 MP: 1/17
  6286 | D:6      | Identified the +2 spear "Qeosiepp" {pain, Fragile rF+
                  | Int+7}
  6603 | D:7      | Noticed Dowan
  6639 | D:7      | Noticed Duvessa
  6651 | D:7      | Killed Duvessa
  6655 | D:7      | Killed Dowan
  6959 | D:7      | Noticed a wyvern
  6975 | D:7      | Killed a wyvern
  6976 | D:7      | Reached XP level 9. HP: 51/51 MP: 15/21
  7097 | D:7      | Found a staircase to the Ecumenical Temple.
  7102 | Temple   | Entered the Ecumenical Temple
  7111 | Temple   | Became a worshipper of Vehumet
  7312 | D:7      | Found a bloodstained altar of Trog.
  7444 | D:8      | Noticed Joseph
  7671 | D:8      | Shot with a bolt by an orc warrior

Illustrated notes

Levels and vault maps discovered:
D:1:      onia_arrival_mini_spirals, layout_loops_ring, minmay_box_of_dots
D:2:      layout_basic, hellmonk_ecumenical_altar_blasted
D:3:      layout_basic, old_standard_altar, minmay_pentomino_pile
D:4:      layout_layer_cave, mainiacjoe_overflow_cross_hatched
D:5:      layout_loops_cross, gammafunk_ghost_abyssal_escape
D:6:      layout_rooms, minmay_between
D:7:      layout_rooms, trog_hazing_becter, temple_fountains, serial_glass,
          glass_columns_b, glass_columns_b, uniq_duvessa
D:8:      layout_rooms, eino_jars, uniq_joseph
Temple:   nicolae_temple_bog_church

Skill      XL: |  1  2  3  4  5  6  7  8 |
---------------+-------------------------+-----
Spellcasting   | 3 4 5 6 8 |  8.4
Translocations | 1 2 |  2.0
Conjurations   | 5 6 8 |  8.5
Stealth        | 3 |  3.0
Dodging        | |  2.0

Action                   |  1- 3 |  4- 6 |  7- 9 || total
-------------------------+-------+-------+-------++-------
Melee: Unarmed           |    18 |       |       ||    18
       Constrict         |     5 |     1 |     9 ||    15
       Tentacles         |     2 |     1 |     9 ||    12
       Whip              |       |     9 |    51 ||    60
       Punch             |       |     1 |     3 ||     4
Throw: Dart              |       |       |    10 ||    10
 Cast: Magic Dart        |    84 |   135 |   143 ||   362
       Iskenderun's Myst |       |       |    20 ||    20
  Use: Potion            |       |       |     2 ||     2
       Scroll            |       |       |    11 ||    11
Armor: Skin              |     7 |     1 |     2 ||    10
Dodge: Dodged            |    21 |     8 |    60 ||    89
